 Dungeon Crawl Stone Soup version 0.29.0-15-g675c0067aa (webtiles) character file.

Game seed: 3800029463836675987

971 qw the Cleaver (level 7, 0/93 HPs)
             Began as a Minotaur Berserker on Sept 12, 2022.
             Was a Priest of Trog.
             Slain by an orc warrior
             ... wielding a +0 glaive
              (8 damage)
             ... on level 6 of the Dungeon.
             The game lasted 00:01:47 (4845 turns).

qw the Cleaver (Minotaur Berserker)                 Turns: 4845, Time: 00:01:47

Health: 0/93       AC: 14    Str: 30    XL:     7   Next: 94%
Magic:  15/15      EV:  9    Int:  4    God:    Trog [***...]
Gold:   34         SH:  0    Dex:  9    Spells: 6/6 levels left

rFire   . . .      SeeInvis .   Y - +4 hand axe
rCold   . . .      Faith    .   (no shield)
rNeg    . . .      Spirit   .   h - +3 chain mail "Juism" {Fly rPois MP+9}
rPois   +          Reflect  .   (helmet restricted)
rElec   .          Harm     .   (no cloak)
rCorr   .          Rampage  .   (no gloves)
Will    .....                   g - +1 pair of boots
Stlth   ..........              (no amulet)
HPRegen 0.25/turn               b - +6 ring of strength
MPRegen 0.14/turn               (no ring)

@: berserking (expiring), flying, very quick
A: horns 2, retaliatory headbutt
a: Renounce Religion, Berserk, Trog's Hand


You were on level 6 of the Dungeon.
You worshipped Trog.
Trog was most pleased with you.
You visited 1 branch of the dungeon, and saw 6 of its levels.
You also visited: Sewer.

You collected 314 gold pieces.
You spent 280 gold pieces at shops.


Innate Abilities, Weirdness & Mutations

You have a pair of horns on your head.
You reflexively headbutt those who attack you in melee.


   Skills:
 + Level 5.9 Fighting
 - Level 10.1 Axes
 - Level 3.9 Armour
 - Level 2.1 Dodging


You had 6 spell levels left.
You didn't know any spells.
Your spell library was empty.

Inventory:

Hand Weapons
 f - a +0 demon whip of electrocution
 Y - a +4 hand axe (weapon)
Armour
 g - a +1 pair of boots (worn)
 h - the +3 chain mail "Juism" (worn) {Fly rPois MP+9}
   (You acquired it on level 2 of the Dungeon)

   rPois:     It protects you from poison.
   MP:        It affects your magic capacity (+9).
   Fly:       It grants you flight.
 j - a +0 cloak
 m - a +1 cloak
 n - a +0 plate armour
 o - a scarf of repulsion
Jewellery
 b - a +6 ring of strength (left hand)
Scrolls
 a - a scroll of identify
 d - a scroll of brand weapon {unknown}
 i - 2 scrolls of teleportation
Potions
 c - 2 potions of haste
 e - 9 potions of curing
 k - a potion of heal wounds
 l - a potion of mutation

Dungeon Overview and Level Annotations

Branches:
Dungeon (6/15)              Sewer (visited)
 Temple: D:4-7

Altars:

Shops:
D:6 *


Message History

Beogh smites you!
4834 ||| INVOKING Berserk.
A red film seems to cover your vision as you go berserk!
You feel yourself moving faster!
You feel mighty! The orc hits you but does no damage.
You slash the orc!
You kill the orc!
Trog accepts your kill.
The orc warrior hits you from afar with a +0 glaive.
You closely miss the orc priest. You closely miss the orc priest.
The orc priest mumbles some strange prayers to Beogh against you.
Pain shoots through your body!
The orc warrior hits you from afar with a +0 glaive!
You hit the orc priest.
The orc priest is moderately wounded.
You completely miss the orc priest.
The orc priest is moderately wounded.
The orc priest hits you but does no damage.
The orc warrior hits you from afar with a +0 glaive.
You hit the orc priest.
The orc priest is severely wounded.
You slash the orc priest!
You kill the orc priest!
Trog accepts your kill.
The orc warrior hits you from afar with a +0 glaive!
You slice the orc priest!!
You kill the orc priest!
Trog accepts your kill.
Found a stone staircase leading down.
The orc priest barely misses you. The orc warrior closely misses you.
Items here: )) [[.
You slice the orc priest!!
You kill the orc priest!
Trog accepts your kill.
You hit the orc warrior but do no damage.
You slash the orc warrior!
The orc warrior is moderately wounded.
The orc warrior hits you with a +0 glaive!
You die...

....##.#
....##.######### ##
#....#.........#### ...
##...##.#.........#
....
##.....#......##.##....
.....###......# .......
.....###......##.....#
..............)#)....#.
...............@o......
...#.#####....##......#
# # #....# ......#
#....# ......# ######
......# ......# ....>.#
#####..


You could see an orc warrior.

Vanquished Creatures
  A water moccasin (D:4)
  Pargi (Sewer)
  An ice beast (D:6)
  An ogre (D:4)
  A phantom (D:6)
  A howler monkey (D:6)
  4 orc priests
  3 hounds
  A jelly (D:3)
  3 iguanas
  A gnoll (D:1)
  4 adders
  An ufetubus (D:5)
  4 worms
  2 dart slugs
  10 orcs
  8 ball pythons
  3 bats
  5 endoplasms
  7 giant cockroaches
  9 goblins
  15 hobgoblins
  6 jackals
  7 kobolds
  4 quokkas
  3 frilled lizards
  8 rats
114 creatures vanquished.

Vanquished Creatures (others)
  A plant (D:1)
1 creature vanquished.

Grand Total: 115 creatures vanquished

Notes
Turn   | Place    | Note
-------+----------+-------------------------------------------
     0 | D:1      | qw the Minotaur Berserker began the quest for the Orb.
     0 | D:1      | Reached XP level 1. HP: 19/19 MP: 0/0
     0 | D:1      | 0 ||| qw: Version: 0.1-a-119-g272c26d
     0 | D:1      | 0 ||| qw: Game counter: 10947
     0 | D:1      | 0 ||| qw: Always use a shield: true
     0 | D:1      | 0 ||| qw: Do Orc after D:15 true
     0 | D:1      | 0 ||| qw: Do second Lair branch before Depths: true
     0 | D:1      | 0 ||| qw: Lair rune preference: random
     0 | D:1      | 0 ||| qw: Plans: Normal
     0 | D:1      | 0 ||| PLANNING D:1-11
    45 | D:1      | 45 ||| Stepping ~*~*~tactically~*~*~ (stealth).
    54 | D:1      | Reached skill level 4 in Axes
   200 | D:1      | Found a faded altar of an unknown god.
   221 | D:1      | Reached XP level 2. HP: 25/26 MP: 1/1
   375 | D:1      | 375 ||| INVOKING Berserk.
   379 | D:1      | Reached skill level 5 in Axes
   601 | D:1      | Reached XP level 3. HP: 29/31 MP: 2/2
   683 | D:1      | 683 ||| Stepping ~*~*~tactically~*~*~ (stealth).
   685 | D:1      | 685 ||| Stepping ~*~*~tactically~*~*~ (stealth).
   687 | D:1      | 687 ||| Stepping ~*~*~tactically~*~*~ (stealth).
   691 | D:1      | 691 ||| Stepping ~*~*~tactically~*~*~ (stealth).
   783 | D:1      | Reached ** piety under Trog
  1123 | D:1      | 1123 ||| UPGRADING to +0 chain mail.
  1133 | D:1      | 1133 ||| DROPPING +0 animal skin.
  1134 | D:1      | 1134 ||| READING 2 scrolls labelled DOSKEFFECRUK.
  1135 | D:1      | 1135 ||| READING scroll labelled HUTIVESER KOGG.
  1136 | D:1      | 1136 ||| DRINKING 2 clear potions.
  1663 | D:2      | 1663 ||| Stepping ~*~*~tactically~*~*~ (stealth).
  1667 | D:2      | 1667 ||| Stepping ~*~*~tactically~*~*~ (stealth).
  1946 | D:2      | 1946 ||| UPGRADING to +6 ring of strength.
  1947 | D:2      | 1947 ||| READING scroll labelled EZXIRU MONAIDUAR.
  1948 | D:2      | 1948 ||| READING scroll labelled LANIMA IDOHOCSEA.
  1948 | D:2      | Identified a scroll of acquirement
  1948 | D:2      | 1948 ||| ACQUIRING +3 chain mail "Juism" {Fly rPois MP+9}
  1948 | D:2      | Acquired the +3 chain mail "Juism" {Fly rPois MP+9}
  1950 | D:2      | 1950 ||| UPGRADING to +3 chain mail "Juism" {Fly rPois
                  | MP+9}.
  1960 | D:2      | 1960 ||| DROPPING +0 chain mail.
  2035 | D:2      | 2035 ||| READING scroll labelled BUUXTA GUOWK.
  2166 | D:2      | 2166 ||| READING 2 scrolls labelled CITRYXTUQOA.
  2167 | D:2      | 2167 ||| DRINKING 2 puce potions.
  2168 | D:2      | 2168 ||| DROPPING potion of magic.
  2169 | D:2      | 2169 ||| DROPPING scroll of amnesia.
  2200 | D:3      | Reached XP level 4. HP: 39/39 MP: 3/3
  2210 | D:3      | 2210 ||| Stepping ~*~*~tactically~*~*~ (stealth).
  2214 | D:3      | Reached skill level 6 in Axes
  2219 | D:3      | 2219 ||| FLEEEEING.
  2462 | D:3      | 2462 ||| Stepping ~*~*~tactically~*~*~ (stealth).
  2465 | D:3      | 2465 ||| Stepping ~*~*~tactically~*~*~ (stealth).
  2469 | D:3      | 2469 ||| Stepping ~*~*~tactically~*~*~ (stealth).
  2488 | D:3      | 2488 ||| FLEEEEING.
  2489 | D:3      | 2489 ||| FLEEEEING.
  2490 | D:3      | 2490 ||| FLEEEEING.
  2491 | D:3      | 2491 ||| FLEEEEING.
  2495 | D:3      | 2495 ||| FLEEEEING.
  2496 | D:3      | 2496 ||| FLEEEEING.
  2551 | D:3      | 2551 ||| Stepping ~*~*~tactically~*~*~ (stealth).
  2603 | D:3      | 2603 ||| INVOKING Berserk.
  2606 | D:3      | Reached skill level 7 in Axes
  2606 | D:3      | Reached XP level 5. HP: 45/45 MP: 4/4
  2951 | D:3      | 2951 ||| READING scroll labelled MOUPPOTTAG.
  2952 | D:3      | 2952 ||| READING scroll labelled UNNICINELO.
  2953 | D:3      | 2953 ||| READING scroll labelled UVERUQ GOLEU.
  2954 | D:3      | 2954 ||| READING scroll labelled FAPEDA ESHE.
  2957 | D:3      | 2957 ||| READING scroll labelled VORHOO POTAO.
  2958 | D:3      | 2958 ||| DRINKING 2 blue potions.
  2959 | D:3      | 2959 ||| DRINKING 2 fuming orange potions.
  3064 | D:3      | 3064 ||| DROPPING potion of degeneration.
  3065 | D:3      | 3065 ||| DROPPING potion of berserk rage.
  3075 | D:4      | 3075 ||| PLANNING SEWER
  3095 | D:4      | Reached *** piety under Trog
  3157 | D:4      | 3157 ||| Stepping ~*~*~tactically~*~*~ (stealth).
  3164 | D:4      | 3164 ||| Stepping ~*~*~tactically~*~*~ (stealth).
  3247 | D:4      | Identified the +4 dagger "Sologieq" {flame, Fragile rN+
                  | Str+3 Int+2}
  3254 | D:4      | 3254 ||| READING scroll of enchant weapon.
  3254 | D:4      | 3254 ||| ENCHANTING +1 hand axe.
  3271 | D:4      | 3271 ||| READING 2 scrolls of identify.
  3271 | D:4      | 3271 ||| IDENTIFYING smoky cyan potion
  3272 | D:4      | 3272 ||| Stepping randomly (stuck).
  3275 | D:4      | Noticed an ogre
  3282 | D:4      | 3282 ||| INVOKING Berserk.
  3284 | D:4      | Killed an ogre
  3285 | D:4      | Reached skill level 8 in Axes
  3285 | D:4      | Reached XP level 6. HP: 52/52 MP: 5/5
  3430 | D:4      | 3430 ||| READING scroll of enchant weapon.
  3430 | D:4      | 3430 ||| ENCHANTING +2 hand axe.
  3453 | D:4      | Noticed a water moccasin
  3462 | D:4      | Killed a water moccasin
  3680 | D:4      | Found a glowing drain.
  3691 | Sewer    | Entered a sewer
  3727 | Sewer    | Noticed Pargi
  3736 | Sewer    | Killed Pargi
  3737 | Sewer    | Reached skill level 9 in Axes
  3822 | Sewer    | 3822 ||| READING scroll of enchant weapon.
  3822 | Sewer    | 3822 ||| ENCHANTING +3 hand axe.
  3823 | Sewer    | 3823 ||| DROPPING scarf of harm.
  3824 | Sewer    | 3824 ||| READING scroll labelled XAAVOCV REBB.
  3825 | Sewer    | 3825 ||| DRINKING 2 gluggy clear potions.
  3826 | Sewer    | 3826 ||| READING 2 scrolls of identify.
  3826 | Sewer    | 3826 ||| IDENTIFYING sedimented ruby potion
  3827 | Sewer    | 3827 ||| DROPPING potion of lignification.
  3843 | D:4      | 3843 ||| PLANNING D:1-11
  4046 | D:4      | Reached XP level 7. HP: 55/59 MP: 6/6
  4119 | D:5      | Entered Level 5 of the Dungeon
  4236 | D:5      | 4236 ||| Stepping ~*~*~tactically~*~*~ (stealth).
  4304 | D:5      | 4304 ||| Stepping ~*~*~tactically~*~*~ (stealth).
  4327 | D:5      | 4327 ||| INVOKING Berserk.
  4340 | D:5      | 4340 ||| Stepping ~*~*~tactically~*~*~ (stealth).
  4367 | D:5      | 4367 ||| FLEEEEING.
  4372 | D:5      | 4372 ||| FLEEEEING.
  4373 | D:5      | 4373 ||| FLEEEEING.
  4374 | D:5      | 4374 ||| FLEEEEING.
  4375 | D:5      | 4375 ||| FLEEEEING.
  4376 | D:5      | 4376 ||| FLEEEEING.
  4377 | D:5      | 4377 ||| FLEEEEING.
  4378 | D:5      | 4378 ||| FLEEEEING.
  4379 | D:5      | 4379 ||| FLEEEEING.
  4380 | D:5      | 4380 ||| FLEEEEING.
  4620 | D:5      | 4620 ||| UPGRADING to +0 pair of boots.
  4625 | D:5      | 4625 ||| READING scroll of enchant armour.
  4625 | D:5      | 4625 ||| ENCHANTING +0 pair of boots.
  4626 | D:5      | 4626 ||| READING scroll labelled TANLU SOQO.
  4627 | D:5      | 4627 ||| READING 2 scrolls of identify.
  4627 | D:5      | 4627 ||| IDENTIFYING viscous emerald potion
  4651 | D:6      | 4651 ||| STAIRDANCE
  4661 | D:6      | Reached skill level 3 in Armour
  4707 | D:6      | Found Rychobuc's Neck Hole.
  4712 | D:6      | 4712 ||| BUYING +0 cloak (45 gold).
  4712 | D:6      | Bought a +0 cloak for 45 gold pieces
  4712 | D:6      | 4712 ||| BUYING +1 cloak (115 gold).
  4712 | D:6      | Bought a +1 cloak for 115 gold pieces
  4712 | D:6      | 4712 ||| SHOPLISTING amulet of regeneration (300 gold, have
                  | 154).
  4712 | D:6      | 4712 ||| BUYING scarf of repulsion (120 gold).
  4712 | D:6      | Bought a scarf of repulsion for 120 gold pieces
  4774 | D:6      | Reached skill level 10 in Axes
  4829 | D:6      | 4829 ||| Stepping ~*~*~tactically~*~*~ (hiding).
  4830 | D:6      | 4830 ||| Stepping ~*~*~tactically~*~*~ (hiding).
  4831 | D:6      | 4831 ||| Stepping ~*~*~tactically~*~*~ (hiding).
  4834 | D:6      | 4834 ||| INVOKING Berserk.
  4839 | D:6      | HP: 20/91 [orc warrior/+0 glaive (3)]
  4841 | D:6      | HP: 8/91 [orc warrior/+0 glaive (13)]
  4845 | D:6      | Slain by an orc warrior

Levels and vault maps discovered:
D:1:      lemuel_arrival_tunnels, layout_basic,
          shapermc_ecumenical_altar_acropolis, nrook_mini_vaults, minivault_24
D:2:      layout_loops_corners, minmay_misc_feat_columns, dreamdust_wishing_well
D:3:      corexii_shack_village, layout_rooms, grunt_ministairs_2
D:4:      layout_basic, gup_sewer_entry_bubbles, serial_glass, glass_columns_b,
          glass_columns_a, feat_on_display, due_unseen_surprise
D:5:      layout_basic
D:6:      layout_basic, mainiacjoe_overflow_concentric_impassable,
          minmay_temple_entry_waves, nicolae_shop_sticking_my_neck_out

Skill      XL: |  1  2  3  4  5  6  7 |
---------------+----------------------+-----
Axes           | 4 5 7 8 9 10 | 10.1
Fighting       | 4 5 |  5.9
Armour         | 3 |  3.9
Dodging        | |  2.1

Action                   |  1- 3 |  4- 6 |  7- 9 || total
-------------------------+-------+-------+-------++-------
Melee: Hand axe          |    78 |   107 |    39 ||   224
       Headbutt          |    13 |    19 |     4 ||    36
       Punch             |       |       |     1 ||     1
Invok: Berserk           |     1 |     2 |     2 ||     5
  Use: Scroll            |     6 |    11 |     3 ||    20
       Potion            |     2 |     3 |       ||     5
Armor: Animal skin       |     6 |       |       ||     6
       Chain mail        |    10 |    24 |     8 ||    42
Dodge: Dodged            |    34 |    33 |    11 ||    78

Table legend:
 A = Non-vault XP
 B = Vault XP
 C = Vault XP percentage of total XP
 D = Non-vault monster count
 E = Vault monster count
 F = Vault count percentage of total count
                 A         B        C        D         E       F
            +---------+---------+-------+---------+---------+-------
      Total |    1158 |     230 |  16.6 |      96 |      18 |  15.8
            +---------+---------+-------+---------+---------+-------
        D:1 |      61 |       0 |   0.0 |      26 |       0 |   0.0
        D:2 |      32 |       0 |   0.0 |      11 |       0 |   0.0
        D:3 |      94 |      54 |  36.5 |      25 |       8 |  24.2
        D:4 |     352 |      36 |   9.3 |      18 |       6 |  25.0
        D:5 |     182 |       0 |   0.0 |       8 |       0 |   0.0
        D:6 |     437 |       0 |   0.0 |       8 |       0 |   0.0
      Sewer |       0 |     140 | 100.0 |       0 |       4 | 100.0
            +---------+---------+-------+---------+---------+-------
